 Dungeon Crawl Stone Soup version 0.13-a0-3104-gb5885e9 (webtiles) character file.

124 Malachi the Magician (level 3, 0/22 HPs)
             Began as a Mummy Wizard on Sept 19, 2013.
             Slain by Ijyb (1 damage)
             ... on Level 2 of the Dungeon.
             The game lasted 00:02:35 (2764 turns).

Malachi the Magician (Mummy Wizard)                 Turns: 2764, Time: 00:02:35

HP   0/22        AC  2     Str 10      XL: 3   Next: 89%
MP   2/10        EV 12     Int 18      God:
Gold 61          SH  0     Dex 10      Spells:  1 memorised,  9 levels left

Res.Fire  : x . .   See Invis. : .   g - +1,+0 dagger (speed)
Res.Cold  : + . .   Warding    : .   a - +0 robe
Life Prot.: + + +   Conserve   : .   (no shield)
Res.Poison: +       Res.Corr.  : .   b - +0 wizard hat
Res.Elec. : .       Clarity    : .   (no cloak)
Sust.Abil.: . .     Spirit.Shd : .   (no gloves)
Res.Mut.  : .       Stasis     : .   (no boots)
Res.Rott. : +       Flight     : .   (no amulet)
Saprovore : . . .                    (no ring)
                                     h - cursed ring of hunger {unknown}

@: slightly resistant to hostile enchantments, unstealthy
A: no food or potions, fire vulnerability, restore body, cold resistance 1, life
protection 3, poison resistance, torment resistance, unbreathing
a: no special abilities


You were on level 2 of the Dungeon.
You were not hungry.

You visited 1 branch of the dungeon, and saw 3 of its levels.

You collected 41 gold pieces.

Inventory:

Hand weapons
 g - a +1,+0 dagger of speed (weapon)
Armour
 a - a +0 robe (worn)
 b - a +0 wizard hat (worn)
Scrolls
 d - 4 scrolls of remove curse {unknown}
 e - a scroll of recharging {unknown}
 f - 2 scrolls of identify {unknown}
Jewellery
 h - a cursed ring of hunger (left hand) {unknown}
Books
 c - a book of Minor Magic

   Spells                             Type                      Level
   *Magic Dart                        Conjuration                  1
   Blink                              Translocation                2
   Call Imp                           Summoning                    2
   Repel Missiles                     Charms/Air                   2
   Slow                               Hexes                        2
   Conjure Flame                      Conjuration/Fire             3
   Mephitic Cloud                     Conjuration/Poison/Air       3


   Skills:
 + Level 1.9 Dodging
 + Level 1.8 Stealth
 + Level 4.0 Spellcasting
 + Level 1.5 Conjurations
   Level 0.7 Summonings
   Level 0.7 Translocations


You had 9 spell levels left.
You knew the following spells:

 Your Spells              Type           Power        Failure   Level  Hunger
a - Magic Dart            Conj           #...         10%         1    N/A

Dungeon Overview and Level Annotations

Branches:
Dungeon (3/27)

Altars:
Vehumet

Annotations:
D:2 Ijyb


Innate Abilities, Weirdness & Mutations

You do not eat or drink.
Your flesh is vulnerable to fire.
Your flesh is cold resistant.
You are immune to negative energy.
Your system is resistant to poisons.
You are immune to unholy pain and torment.
You can survive without breathing.


Message History

Okay, then.
Your magical contamination has completely faded away.
You see here a fizzy cyan potion.
Ijyb grins evilly.
There is a stone staircase leading down here.
Ijyb misses you.
You climb downwards.
A giant gecko, a kobold, an orc and 2 orc wizards come into view.
The orc wizard shouts!
Found a stone staircase leading down.
There is a stone staircase leading up here.
The kobold shouts!
The orc shouts!
The orc wizard points at you and mumbles some strange words.
The puff of frost hits you! You resist.
* * * LOW HITPOINT WARNING * * *
The kobold throws a dart.
The dart misses you.
You climb upwards.
Level annotation: Ijyb Ijyb hits you.
You die...

#.#.#.#####.##..###.#####
#.#.#.# ##.#...........# ....#..
............##.# #.######
#..#..# #..##.# #.# #..#..#
#..##.# #.# #..#..# #..##.# #.#
#..#..####..##.######.#
#.########.....g.##............#
#......>(...#.#.@##.......######
##########.##.#..##.......#
#.##.#..##...###.#
#.##.#..##!..###.#
#.##.............#
#..........#.#####
###############..####.#
..........(....)<# #.#
.#.......#####...# #.#


You could see Ijyb.

Vanquished Creatures
  3 adders (D:2)
  3 giant geckos
  An ooze (D:1)
  4 giant cockroaches
  4 kobolds (D:1)
  4 bats
  7 goblins
  A quokka (D:2)
  3 rats (D:1)
30 creatures vanquished.

Notes
Turn   | Place    | Note
--------------------------------------------------------------
     0 | D:1      | Malachi, the Mummy Wizard, began the quest for the Orb.
     0 | D:1      | Reached XP level 1. HP: 11/11 MP: 5/5
   490 | D:1      | Reached XP level 2. HP: 17/17 MP: 0/7
   890 | D:1      | Reached skill level 1 in Conjurations
  1708 | D:2      | Reached XP level 3. HP: 7/22 MP: 0/9
  2421 | D:2      | Found a radiant altar of Vehumet.
  2432 | D:2      | Reached skill level 4 in Spellcasting
  2668 | D:2      | Noticed Ijyb
  2763 | D:3      | HP: 1/22 [orc wizard/puff of frost (4)]
  2764 | D:2      | Slain by Ijyb

Action                   || total
-------------------------++-------
Melee: Unarmed           ||     4
       Dagger            ||   122
 Cast: Magic Dart        ||    86
